 Dungeon Crawl Stone Soup version 0.31-a0-880-g9a209b2425 (webtiles) character file.

Game seed: 8694815455458157468

654412 BinkBink the Slayer (level 27, -3/137 HPs)
             Began as a Gargoyle Monk on Oct 15, 2023.
             Was the Champion of Qazlal.
             Killed by divine providence
             ... invoked by a meliai
              (10 damage)
             ... on level 6 of the Abyss.
             The game lasted 02:37:10 (68826 turns).

BinkBink the Slayer (Gargoyle Monk)                Turns: 68826, Time: 02:37:11

Health: -3/137     AC: 61    Str: 25      XL:     27
Magic:  23/23      EV: 23    Int:  5 (7)  God:    Qazlal [******]
Gold:   6208       SH:  8    Dex: 13      Spells: 39/40 levels left

rFire   + + .        O - +9 executioner's axe (spect)
rCold   . . .        (shield currently unavailable)
rNeg    + . .        v - +11 chain mail "Soegef" {rElec SInv}
rPois   ∞            z - +2 helmet "Losmeet" {rF+}
rElec   +            m - scarf {repulsion}
rCorr   .            W - +2 pair of gloves {Dex+3}
SInv    +            p - +2 pair of boots
Will    ++...        u - amulet of Vitality {RegenMP++ Regen++} Stlth
                     h - +4 ring of slaying
HPRegen 2.02/turn    D - ring of Bimiug {rF+ EV+5 Dex+2}
MPRegen 0.98/turn

%: random rage (3%), repel missiles
@: about to teleport, flying, studying 2 skills
A: sickness immunity, AC +20, big wings, negative energy resistance 1,
electricity resistance, torment resistance 1, petrification resistance,
deterioration 2, dopey 2, screaming 1, no potion heal 1, inability to read after
injury 1, [berserk 1], clumsy 1[+1], frail 1[+2], [low MP 3], weak 1[+1],
subdued magic 1[+2]
}: 4/15 runes: decaying, slimy, silver, gossamer
a: Renounce Religion, Upheaval, Elemental Force, Disaster Area


You were on level 6 of the Abyss.
You worshipped Qazlal.
Qazlal was exalted by your worship.
You visited 11 branches of the dungeon, and saw 51 of its levels.
You visited the Abyss 4 times.
You also visited: Bailey, Volcano, Wizlab and Desolation.

You collected 8354 gold pieces.
You spent 2146 gold pieces at shops.

Inventory:

Hand Weapons
 O - a +9 spectral executioner's axe (weapon)
Armour
 m - a scarf of repulsion (worn)
 p - a +2 pair of boots (worn)
 r - a scarf of resistance
 v - the +11 chain mail "Soegef" (worn) {rElec SInv}
   (You found it on level 1 of the Swamp)

   rElec:     It insulates you from electricity.
   SInv:      It lets you see invisible.
 z - the +2 helmet "Losmeet" (worn) {rF+}
   (You bought it in a shop on level 4 of the Vaults)

   rF+:       It protects you from fire.
 W - a +2 pair of gloves of dexterity (worn)
Jewellery
 d - the ring "Vatwu" {*Corrode rC+ rN+++ Str-3 SInv}
   (You bought it in a shop on level 4 of the Dungeon)

   [ring of protection from cold]

   Str-3:     It affects your strength (-3).
   rC+:       It protects you from cold.
   rN+++:     It renders you almost immune to negative energy.
   SInv:      It lets you see invisible.
   *Corrode:  It may corrode you when you take damage.
 h - a +4 ring of slaying (left hand)
 u - the amulet of Vitality (around neck) {RegenMP++ Regen++}
   (You took it off a mummy priest on level 2 of the Depths)

   [amulet of magic regeneration]

   RegenMP:   It increases your rate of magic regeneration.
   Regen++:   It increases your rate of health regeneration.
 A - the ring "Trusted Companion" {rElec MP+9}
   (You found it on level 5 of the Vaults)

   [ring of magical power]

   rElec:     It insulates you from electricity.
   MP+9:      It affects your magic capacity (+9).
 D - the ring of Bimiug (right hand) {rF+ EV+5 Dex+2}
   (You took it off a deep elf annihilator on level 3 of the Elven Halls)

   [ring of evasion]

   EV+5:      It affects your evasion (+5).
   Dex+2:     It affects your dexterity (+2).
   rF+:       It protects you from fire.
 F - the ring of Saoffyakorph {Ice rCorr}
   (You took it off Josephina on level 3 of the Crypt)

   [ring of ice]

   Ice:       It enhances your ice magic.
   rF-:       It makes you vulnerable to fire.
   rC+:       It protects you from cold.
   rCorr:     It protects you from acid and corrosion.
 H - the ring "Beschu" {Wiz rElec rCorr Dex+3}
   (You bought it in a shop on level 2 of the Vaults)

   [ring of wizardry]

   Wiz:       It improves your spell success rate.
   Dex+3:     It affects your dexterity (+3).
   rElec:     It insulates you from electricity.
   rCorr:     It protects you from acid and corrosion.
 L - a ring of see invisible
 M - an amulet of reflection
 Z - a ring of positive energy
Wands
 a - a wand of charming (12)
 q - a wand of polymorph (24)
 y - a wand of roots (39)
 G - a wand of flame (103)
 K - a wand of quicksilver (34)
 V - a wand of digging (6)
 Y - a wand of mindburst (20)
Scrolls
 e - 15 scrolls of teleportation
 n - 2 scrolls of enchant weapon
 t - a scroll of poison
 x - 10 scrolls of fear
 B - 9 scrolls of enchant armour
 C - 8 scrolls of revelation
 E - 29 scrolls of identify
 N - 5 scrolls of brand weapon
 P - 9 scrolls of amnesia
 R - 4 scrolls of silence
 T - 10 scrolls of fog
 U - 4 scrolls of immolation
Potions
 b - 8 potions of enlightenment
 c - 14 potions of ambrosia
 f - 5 potions of resistance
 g - 9 potions of lignification
 i - 5 potions of invisibility
 j - 13 potions of haste
 k - 21 potions of curing
 l - 3 potions of magic
 o - 6 potions of berserk rage
 s - 7 potions of mutation
 w - 5 potions of might
 J - 10 potions of attraction
 Q - 10 potions of brilliance
 S - 6 potions of cancellation


   Skills:
 + Level 26.3 Fighting
 + Level 24.5(25.2) Axes
 - Level 10.7(19.0) Polearms
 + Level 26.0 Armour
 + Level 20.9 Dodging
 + Level 7.1 Spellcasting
 + Level 2.1 Summonings


You had 39 spell levels left.
You knew the following spells:

 Your Spells              Type           Power      Damage    Failure   Level
a - Summon Small Mammal   Summ           8%         N/A       13%         1

Your spell library contained the following spells:

 Spells                   Type           Power      Damage    Failure   Level
 Call Imp                 Summ           4%         N/A       22%         2
 Apportation              Tloc           0%         N/A       36%         1
 Freeze                   Ice            0%         1d3       36%         1
 Kiss of Death            Conj/Necr      0%         2d5       36%         1
 Magic Dart               Conj           0%         1d3       36%         1
 Necrotise                Necr           0%         1d4       36%         1
 Sandblast                Erth           0%         2d4       36%         1
 Shock                    Conj/Air       0%         1d3       36%         1
 Call Canine Familiar     Summ           2%         N/A       43%         3
 Blink                    Tloc           0%         N/A       50%         2
 Ensorcelled Hibernation  Hex/Ice        0%         N/A       50%         2
 Jinxbite                 Hex            0%         N/A       50%         2
 Lesser Beckoning         Tloc           0%         N/A       50%         2
 Passwall                 Tmut/Erth      0%         N/A       50%         2
 Poisonous Vapours        Pois/Air       0%         N/A       50%         2
 Scorch                   Fire           0%         2d5       50%         2
 Searing Ray              Conj           0%         2d4       50%         2
 Static Discharge         Conj/Air       0%         2-2/arc   50%         2
 Wereblood                Tmut           0%         N/A       50%         2
 Summon Guardian Golem    Hex/Summ       1%         N/A       58%         3
 Frozen Ramparts          Ice            0%         1d1       77%         3
 Gell's Gravitas          Tloc           0%         N/A       77%         3
 Hailstorm                Conj/Ice       0%         3d3       77%         3
 Ignite Poison            Fire/Tmut/Pois 0%         N/A       77%         3
 Inner Flame              Hex/Fire       0%         N/A       77%         3
 Mephitic Cloud           Conj/Pois/Air  0%         N/A       77%         3
 Ozocubu's Armour         Ice            0%         N/A       77%         3
 Sigil of Binding         Hex            0%         N/A       77%         3
 Stone Arrow              Conj/Erth      0%         3d7       77%         3
 Swiftness                Air            0%         N/A       77%         3
 Teleport Other           Tloc           0%         N/A       77%         3
 Tukima's Dance           Hex            0%         N/A       77%         3
 Vampiric Draining        Necr           0%         2d6       77%         3
 Volatile Blastmotes      Fire/Tloc      0%         2d10      77%         3
 Summon Ice Beast         Ice/Summ       1%         N/A       95%         4
 Summon Lightning Spire   Summ/Air       1%         N/A       95%         4
 Airstrike                Air            0%         2d(0-16)  99%         4
 Anguish                  Hex/Necr       0%         N/A       99%         4
 Animate Dead             Necr           0%         N/A       99%         4
 Brom's Barrelling Bould  Conj/Erth      0%         2d3       99%         4
 Dimensional Bullseye     Hex/Tloc       0%         N/A       99%         4
 Flame Wave               Conj/Fire      0%         2d4       99%         4
 Fulminant Prism          Conj/Hex       0%         3d5       99%         4
 Iskenderun's Mystic Bla  Conj/Tloc      0%         2d3       99%         4
 Leda's Liquefaction      Hex/Erth       0%         N/A       99%         4
 Manifold Assault         Tloc           0%         N/A       99%         4
 Passage of Golubria      Tloc           0%         N/A       99%         4
 Petrify                  Tmut/Erth      0%         N/A       99%         4
 Sticky Flame             Conj/Fire      0%         2d3       99%         4
 Vhi's Electric Charge    Tloc/Air       0%         N/A       99%         4
 Agony                    Necr           0%         N/A       100%        5
 Alistair's Intoxication  Tmut/Pois      0%         N/A       100%        5
 Arcjolt                  Conj/Air       0%         1d10      100%        5
 Borgnjor's Vile Clutch   Necr/Erth      0%         N/A       100%        5
 Fireball                 Conj/Fire      0%         3d3       100%        5
 Freezing Cloud           Conj/Ice/Air   0%         6-21      100%        5
 Irradiate                Conj/Tmut      0%         3d11      100%        5
 Iskenderun's Battlesphe  Conj           0%         2d6       100%        5
 Metabolic Englaciation   Hex/Ice        0%         N/A       100%        5
 Silence                  Hex/Air        0%         N/A       100%        5
 Summon Forest            Summ/Tloc      0%         N/A       100%        5
 Summon Mana Viper        Hex/Summ       1%         N/A       100%        5
 Yara's Violent Unravell  Hex/Tmut       0%         3d3       100%        5
 Bombard                  Conj/Erth      0%         9d1       100%        6
 Death Channel            Necr           0%         N/A       100%        6
 Eringya's Noxious Bog    Tmut/Pois      0%         4d6       100%        6
 Plasma Beam              Fire/Air       0%         2x1d10    100%        6
 Simulacrum               Ice/Necr       0%         N/A       100%        6
 Summon Cactus Giant      Summ           1%         N/A       100%        6
 Enfeeble                 Hex            0%         N/A       100%        7
 Monstrous Menagerie      Summ           1%         N/A       100%        7
 Orb of Destruction       Conj           0%         9d5       100%        7
 Ozocubu's Refrigeration  Ice            0%         4d7       100%        7
 Spellforged Servitor     Conj/Summ      0%         N/A       100%        7
 Summon Hydra             Summ           1%         N/A       100%        7
 Ignition                 Fire           0%         3d3       100%        8
 Infestation              Necr           0%         N/A       100%        8
 Lehudib's Crystal Spear  Conj/Erth      0%         10d2      100%        8
 Maxwell's Capacitive Co  Air            0%         ∞         100%        8
 Dragon's Call            Summ           1%         N/A       100%        9
 Polar Vortex             Ice            0%         N/A       100%        9
 Cigotuvi's Dreadful Rot  Necr/Pois/Air  Unusable   N/A       N/A         2
 Sublimation of Blood     Necr           Unusable   N/A       N/A         2

Dungeon Overview and Level Annotations

Branches:
Dungeon (15/15)            Temple (0/1) D:6            Lair (5/5) D:10
  Swamp (4/4) Lair:3       Spider (4/4) Lair:2        Slime (5/5) Lair:4
    Orc (2/2) D:11            Elf (3/3) Orc:2        Vaults (5/5) D:13
  Crypt (3/3) Vaults:3       Tomb (1/3) Crypt:3      Depths (4/4) D:15
    Zot (0/5) Depths:4     Bailey (visited)         Volcano (visited)
 WizLab (visited)         Desolation (visited)

Altars:
Ashenzari
Fedhas
Hepliaklqana
Kikubaaqudgha
Qazlal
Ru
Uskayaw
Wu Jian
Xom
Jiyva

Shops:
D:4 =   D:12 ?   D:14 :   D:15 (   Orc:1 (   Orc:2 *=!(   Elf:2 :   Vaults:2 =
Vaults:3 [   Vaults:4 [   Depths:1 :

Portals:
Hell: Depths:1 Depths:2 Depths:3 Depths:4
Abyss: Depths:1 Depths:2 Depths:3 Depths:4
Pandemonium: Orc:2 Depths:2
Ziggurat: Depths:3

Annotations:
Crypt:1 1 runed translucent door, Besor's ghost, veteran MiBe


Innate Abilities, Weirdness & Mutations

You are immune to sickness and miasma.
Your stone body is resilient. (AC +20)
You are immune to poison.
Your large and strong wings let you fly.
You resist negative energy. (rN+)
You are resistant to electric shocks. (rElec)
You are resistant to unholy torment.
You are immune to petrification.
Your body often deteriorates upon taking damage.
You are very dopey. (Int -4)
You occasionally shout uncontrollably at your foes.
Potions are less effective at restoring your health.
You occasionally lose the ability to read scrolls when taking damage.
[You sometimes lose your temper in combat.]
[You are very clumsy. (Dex -4)]
[You are extremely frail. (-30% HP)]
[Your magical capacity is extremely low. (-30% MP)]
[You are very weak. (Str -4)]
[Your spells are much easier to cast, but much less powerful.]


Message History

As you read the scroll of fear, it crumbles to dust.
You assume a fearsome visage.
The green very ugly thing looks frightened!
The meliai looks frightened!
The starcursed mass is unaffected.
The wretched star is unaffected. x2; The starcursed mass is unaffected. x2
The thrashing horror is unaffected.
The neqoxec looks frightened!
The necromancer looks frightened!
The quicksilver dragon skeleton is unaffected.
The titan skeleton is unaffected.
The naga warrior zombie is unaffected.
The shard shrike skeleton is unaffected.
The thrashing horror roars!
You hear a bark!
A thrashing horror comes into view.
A meliai comes into view.
It is wielding a +0 war axe and wearing a +2 leather armour of fire resistance.
The thrashing horror is engulfed in blazing flames.
A starcursed mass splits.
The wretched star glows turbulently.
The lance of force misses you.
The lance of force hits the titan skeleton!!
The titan skeleton is knocked back by the lance of force.
The titan skeleton collides with the shard shrike skeleton!
The shard shrike skeleton is lightly damaged.
The titan skeleton is moderately damaged.
The thrashing horror roars!
The thrashing horror is engulfed in blazing flames.
The shard shrike skeleton closely misses you.
A spriggan defender skeleton comes into view.
The wretched star is engulfed in a thunderstorm.
The thrashing horror tramples you.
* * * LOW HITPOINT WARNING * * *
You hold your ground!
The thrashing horror completely misses you.
The shard shrike skeleton claws you but does no damage.
The meliai is engulfed in blazing flames.
There is a runelight here.
Found an elf corpse.
Found a runelight.
You hear a roar!
You hear a bark!
You hear a shout! x2
The shard shrike skeleton misses you.
The meliai mumbles some strange prayers to its god against you.
Something smites you!
You die... #.# #.# uy#

#.. # .. .. .# ##.#
#†###†## yX*#... ...
.. ⌠. ..#.§⌠# ..#
##.# #.###.###X###.##
..⌠#⌠..
D..#§.⌠#☼..#..#
.........XZZZZ@.....#
#..D...§.§....§.####
#..#...Z..§##§##
#.*##.X##..# §# #
#..X)X...... #
##..X.))........
#..##..##XX##.. #..


#XX ...#.. . .XX3....... You could see a bone dragon, 3 starcursed masses, a
green very ugly thing (fleeing), a wretched star, 2 thrashing horrors, 2 large
abominations, 2 meliai, a naga warrior zombie, a quicksilver dragon skeleton, a
spriggan defender skeleton, a titan skeleton and a shard shrike skeleton.

Vanquished Creatures
  the Royal Jelly (Slime:5)
  2 dread liches
  3 ancient liches
  Mennas (Vaults:4)
  Josephina (Crypt:3)
  4 royal mummies
  Frederick (Vaults:4)
  Saint Roka (Vaults:2)
  3 golden dragons
  A profane servitor (Crypt:3)
  6 bone dragons
  Jory (Crypt:3)
  the Enchantress (Depths:2)
  Arachne (Spider:4)
  Nikola (Spider:2)
  A tentacled monstrosity (Depths:3)
  2 deep elf master archers (Elf:3)
  13 sphinxes
  11 liches
  3 titans
  A quicksilver dragon (Depths:4)
  2 ancient champions
  4 deep elf blademasters (Elf:3)
  14 tentacled starspawn
  18 acid blobs
  4 shadow dragons
  5 thorn hunters
  4 storm dragons
  Roxanne (D:14)
  9 tengu reavers
  A draconian monk (Abyss:2)
  Donald (Crypt:1)
  A draconian knight (Depths:4)
  15 rockslimes
  7 azure jellies
  3 revenants
  9 frost giants
  8 fire giants
  A balrug (Depths:2)
  15 vault wardens
  5 emperor scorpions
  5 deep elf sorcerers
  A draconian stormcaller (Abyss:2)
  The ghost of Onkax the Marksspriggan, an adept SpHu of Okawaru (Elf:3)
  A caustic shrike zombie (Crypt:3)
  5 spectral caustic shrikes (Depths:4)
  5 formless jellyfish
  6 ghost moths
  2 deep elf elementalists
  2 draconian shifters
  3 imperial myrmidons (Desolation)
  19 ghouls
  The ghost of Paaligas the Warrior, a journeyman GrCA of Lugonu (Elf:3)
  The ghost of Paaligas the Warrior, a journeyman GrCA of Lugonu (Elf:3)
  3 orc warlords
  18 very ugly things
  28 ironbound preservers
  4 spriggan defenders
  2 reapers
  3 broodmothers
  11 quicksilver oozes
  A cacodemon (Abyss:2)
  3 war gargoyles
  5 ironbound thunderhulks
  16 stone giants
  16 vampire knights
  2 deep elf demonologists (Elf:3)
  2 eleionomae (Swamp:3)
  A caustic shrike skeleton (Tomb:1)
  2 white draconians (Depths:4)
  A bunyip (Swamp:3)
  2 yellow draconians (Depths:4)
  2 bennus (Tomb:1)
  2 purple draconians (Depths:4)
  A lorocyproca (Depths:2)
  The ghost of ongoing the Destroyer, a journeyman GnCj of Vehumet (Lair:3)
  2 halazid warlocks (Desolation)
  4 dire elephants (Vaults:3)
  11 spark wasps
  2 pale draconians (Depths:4)
  A red draconian (Abyss:4)
  8 deep elf annihilators
  An eidolon (Crypt:1)
  5 crystal guardians
  4 green deaths (Abyss:2)
  7 ettins
  9 deep elf death magi
  6 ragged hierophants (Desolation)
  7 entropy weavers
  A quicksilver dragon zombie (Abyss:2)
  8 mummy priests
  19 jiangshi
  A merfolk javelineer (Depths:4)
  5 fire dragons
  15 ice dragons
  7 deep elf high priests
  13 great orbs of eyes
  2 merfolk impalers
  An entropy weaver (shapeshifter) (D:15)
  A spriggan zombie (Crypt:2)
  9 servants of whispers (Desolation)
  36 vault guards
  7 peacekeepers
  19 yaktaur captains
  A bennu zombie (Crypt:2)
  3 ghost crabs
  6 rakshasas
  2 spriggan skeletons
  2 demonspawn (Orc:2)
  10 alligators
  5 spriggan air magi
  5 ogre magi
  22 centaur warriors
  8 ironbound frosthearts
  5 death knights (Crypt:3)
  A catoblepas (shapeshifter) (Vaults:4)
  17 hydras
  5 boulder beetles
  A jorogumo (Spider:1)
  Erica (D:9)
  3 radroaches
  7 deep troll shamans
  A bennu skeleton (Crypt:2)
  8 tengu warriors
  16 two-headed ogres
  6 death yaks
  8 deep troll earth magi
  Urug (Orc:2)
  8 demonic crawlers
  A titan zombie (Tomb:1)
  40 dancing weapons
  17 thrashing horrors
  3 hell hogs
  6 vampire magi
  3 soul eaters
  16 deep elf knights
  5 orc high priests (Orc:2)
  5 spriggan berserkers
  17 hell knights
  21 iron trolls
  3 spatial maelstroms
  48 large abominations
  21 wretched stars
  4 sixfirhies (Abyss:2)
  4 shadow wraiths
  7 sun demons
  2 titan skeletons
  A glowing orange brain (shapeshifter) (Depths:1)
  A golden dragon zombie (Abyss:2)
  7 goliath frogs
  8 pharaoh ants
  36 skeletal warriors
  A sun moth (Spider:4)
  7 flayed ghosts
  113 deep trolls
  A shadow demon (Abyss:2)
  4 orb spiders
  7 wizards
  4 spriggan druids
  7 glowing orange brains
  13 deep elf archers
  15 ironbound convokers
  7 swamp dragons
  7 bog bodies
  Pikel (D:5)
  A spriggan simulacrum (Crypt:3)
  6 lindwurms
  3 steelbarb worms
  10 orc knights
  54 starcursed masses
  9 harpies
  21 deep elf pyromancers
  15 wolf spiders
  A bunyip skeleton (Crypt:1)
  28 deep elf zephyrmancers
  A draconian zombie (Crypt:2)
  5 shining eyes
  5 phantasmal warriors
  6 necromancers
  54 ugly things
  9 orc sorcerers
  5 oklob plants
  6 will-o-the-wisps
  10 cyclopes
  A salamander (shapeshifter) (Abyss:4)
  A stone giant zombie (Crypt:2)
  5 worldbinders
  5 manticores
  3 moths of wrath
  4 black mambas (Lair:5)
  3 guardian serpents (Desolation)
  3 rust devils
  6 apocalypse crabs
  25 elephants
  An iron dragon skeleton (Abyss:2)
  An eye of devastation (Slime:1)
  A guardian serpent (shapeshifter) (Elf:2)
  An alligator snapping turtle zombie (Crypt:1)
  An elephant (shapeshifter) (Vaults:4)
  13 smoke demons
  2 centaur skeletons
  A torpor snail (shapeshifter) (Abyss:2)
  A black draconian zombie (Crypt:2)
  22 vault sentinels
  8 cane toads
  9 torpor snails
  A dire elephant skeleton (Crypt:1)
  31 yaktaurs
  A cane toad (shapeshifter) (Elf:1)
  3 unseen horrors
  Jeremiah (D:6)
  A komodo dragon (shapeshifter) (Vaults:4)
  9 orange demons
  7 rime drakes
  12 komodo dragons
  3 efreet
  A shock serpent skeleton (Crypt:1)
  A yaktaur (shapeshifter) (Vaults:5)
  An ice devil (Abyss:2)
  11 freezing wraiths
  A red devil (Orc:2)
  A tormentor (Abyss:2)
  17 guardian mummies
  21 ancient zymes
  A polar bear (shapeshifter) (Depths:3)
  2 harpy zombies (Abyss:2)
  3 hellwings
  9 meliai
  3 tengu conjurers
  24 tarantellas
  7 tyrant leeches
  A bloated husk (Swamp:4)
  6 blink frogs
  A hydra skeleton (Crypt:1)
  4 polar bears
  10 trolls
  29 hornets
  Prince Ribbit (D:8)
  27 raiju
  60 saltlings (Desolation)
  An ice dragon zombie (Crypt:2)
  A death drake skeleton (Crypt:2)
  2 harpy skeletons (Crypt:2)
  4 centaur simulacra
  34 jumping spiders
  106 slime creatures
  An air elemental (Elf:3)
  55 flying skulls
  8 shadows
  A culicivora (shapeshifter) (Vaults:4)
  An ettin skeleton (Abyss:2)
  2 basilisks
  18 culicivoras
  A spriggan (shapeshifter) (Depths:4)
  21 spriggans
  12 water elementals
  5 fire elementals
  2 naga simulacra (Crypt:3)
  10 wraiths
  7 vampires
  A dire elephant simulacrum (Crypt:3)
  3 fire bats (Depths:3)
  8 ynoxinuls
  3 ushabtiu (Tomb:1)
  44 yaks
  6 steam dragons
  A black mamba skeleton (Crypt:3)
  An alligator snapping turtle simulacrum (Crypt:3)
  2 golden eyes (Slime:4)
  A redback (shapeshifter) (Vaults:4)
  7 chaos spawn
  A wyvern (Lair:3)
  72 redbacks
  8 neqoxecs
  13 vampire mosquitoes
  2 wargs
  5 spatial vortices
  15 swamp worms
  4 two-headed ogre zombies (WizLab)
  A water nymph zombie (Crypt:2)
  6 acid dragons
  A naga zombie (Abyss:2)
  13 water moccasins
  6 hell hounds
  A cane toad zombie (Crypt:1)
  A merfolk skeleton (Crypt:1)
  37 small abominations
  38 orc warriors
  11 swamp drakes
  2 sky beasts
  5 black bears
  7 ice beasts
  A cane toad skeleton (Crypt:2)
  10 ogres
  A tengu (shapeshifter) (Vaults:4)
  9 centaurs
  5 boggarts (Vaults:4)
  A swamp dragon skeleton (Crypt:2)
  9 wolves
  A lemure (D:5)
  3 kobold brigands
  3 earth elementals
  A gnoll sergeant (D:13)
  6 scorpions
  14 bullfrogs
  16 necrophages
  17 wights
  A cyclops skeleton (Crypt:1)
  9 troll zombies (WizLab)
  10 killer bees
  A troll skeleton (Crypt:2)
  5 electric eels
  7 howler monkeys
  6 crimson imps
  8 quasits (Abyss:2)
  A centaur zombie (Crypt:1)
  4 hounds
  2 jellies
  A black bear skeleton (Crypt:2)
  28 orc priests
  A sleepcap (D:7)
  3 iron imps
  4 gnoll boudas
  5 iguanas
  22 orc wizards
  A human skeleton (Crypt:1)
  4 ogre zombies (WizLab)
  12 mummies
  A howler monkey zombie (Crypt:2)
  Robin (D:2)
  20 gnolls
  5 adders
  2 shadow imps
  13 white imps
  14 ufetubi
  3 worms
  A dart slug (D:3)
  99 orcs
  5 endoplasms
  5 giant cockroaches
  19 goblins
  16 hobgoblins
  3 jackals (D:4)
  3 quokkas
  4 ball pythons
  A bat (D:2)
  7 frilled lizards
  A goblin skeleton (Crypt:2)
  23 kobolds
  6 rats
  2 butterflies (Lair:3)
  A lurking horror (Abyss:2)
  15 spectral weapons
  19 starspawn tentacles
3006 creatures vanquished.

Vanquished Creatures (others)
  A tentacled monstrosity (Vaults:5)
  A fire giant (Vaults:4)
  A wretched star (Abyss:5)
  A deep elf zephyrmancer (Elf:1)
  A yaktaur (Vaults:5)
  An ancient zyme (Abyss:2)
  A tarantella (Spider:3)
  A saltling (Desolation)
  A culicivora (Spider:3)
  A large abomination (Abyss:2)
  An orc warrior (Vaults:5)
  A small abomination (Abyss:2)
  A starcursed mass (Abyss:5)
  18 foxfires
  3 lurking horrors
  113 spectral weapons
  10 starspawn tentacles (Abyss:2)
157 creatures vanquished.

Grand Total: 3163 creatures vanquished

Notes
Turn   | Place    | Note
-------+----------+-------------------------------------------
     0 | D:1      | BinkBink the Gargoyle Monk began the quest for the Orb.
     0 | D:1      | Reached XP level 1. HP: 14/14 MP: 1/1
   241 | D:1      | Reached XP level 2. HP: 17/19 MP: 2/2
   544 | D:1      | Reached skill level 1 in Armour
   681 | D:1      | Reached XP level 3. HP: 23/23 MP: 3/3
  1565 | D:2      | Noticed Robin
  1578 | D:2      | Reached XP level 4. HP: 28/29 MP: 4/4
  1587 | D:2      | Killed Robin
  2132 | D:3      | Found a broken altar of Ashenzari.
  2132 | D:3      | Found a stormy altar of Qazlal.
  2188 | D:3      | Became a worshipper of Qazlal Stormbringer
  2188 | D:3      | Reached * piety under Qazlal
  2188 | D:3      | Reached ** piety under Qazlal
  2606 | D:3      | Reached XP level 5. HP: 33/33 MP: 5/5
  2766 | D:3      | Found a faded altar of an unknown god.
  3082 | D:4      | Reached XP level 6. HP: 33/39 MP: 6/6
  3346 | D:4      | Found Yrif Xeg's Jewellery Boutique.
  3386 | D:4      | Identified the +4 spear of Ystoon {venom, rElec Str+3}
  3399 | D:4      | You fall into a shaft and drop 1 floor!
  3399 | D:5      | Entered Level 5 of the Dungeon
  3407 | D:5      | Identified the +1 scale mail of Wuofreth {Regen+ Dex+2}
  3497 | D:4      | Noticed a black bear
  3504 | D:4      | Killed a black bear
  3663 | D:4      | Reached XP level 7. HP: 44/44 MP: 7/7
  3676 | D:4      | Reached skill level 5 in Axes
  4325 | D:5      | Reached skill level 5 in Fighting
  4442 | D:5      | Reached skill level 1 in Polearms
  4551 | D:5      | Found a shimmering altar of Xom.
  4619 | D:5      | Noticed Pikel
  4638 | D:5      | Killed Pikel
  4639 | D:5      | Reached XP level 8. HP: 34/51 MP: 8/8
  4862 | D:5      | Reached *** piety under Qazlal
  4924 | D:5      | Reached skill level 5 in Armour
  5196 | D:5      | Found a hazy altar of Hepliaklqana.
  5548 | D:6      | Reached XP level 9. HP: 53/56 MP: 9/9
  5581 | D:6      | Reached skill level 5 in Dodging
  5683 | D:6      | Found a staircase to the Ecumenical Temple.
  5774 | D:6      | Noticed Jeremiah
  5798 | D:6      | Found Celuc's General Store.
  5972 | D:5      | Reached **** piety under Qazlal
  5989 | D:6      | Killed Jeremiah
  6174 | D:7      | Noticed a troll
  6184 | D:7      | Killed a troll
  6185 | D:7      | Reached skill level 5 in Polearms
  6192 | D:7      | Reached XP level 10. HP: 43/64 MP: 10/10
  6493 | D:7      | Found an ornate altar of the Wu Jian Council.
  6626 | D:7      | Identified the +6 dagger of Innocence {pain, Str+2}
  7307 | D:8      | Reached ***** piety under Qazlal
  7316 | D:8      | Found a sacrificial altar of Ru.
  7523 | D:8      | Noticed Prince Ribbit
  7538 | D:8      | Killed Prince Ribbit
  8090 | D:9      | Found a flagged portal.
  8095 | Bailey   | Entered a bailey
  8112 | Bailey   | Noticed an orc warlord
  8158 | Bailey   | Reached XP level 11. HP: 71/71 MP: 11/11
  8225 | Bailey   | Found a runed translucent gate.
  8228 | Bailey   | Found a runed translucent gate.
  8230 | Bailey   | Found a runed translucent gate.
  8375 | Bailey   | Killed an orc warlord
  8506 | D:9      | Noticed a two-headed ogre
  8506 | D:9      | Noticed Erica
  8513 | D:9      | Killed a two-headed ogre
  8567 | D:9      | Noticed a two-headed ogre
  8573 | D:9      | Killed a two-headed ogre
  8617 | D:9      | Reached skill level 10 in Fighting
  8996 | D:9      | Killed Erica
  9837 | D:10     | Entered Level 10 of the Dungeon
  9857 | D:10     | Identified the +8 chain mail "Godeo" {rPois Str+3}
 10081 | D:10     | Reached XP level 12. HP: 62/79 MP: 12/12
 10087 | D:10     | Reached skill level 10 in Armour
 10144 | D:10     | Found a staircase to the Lair.
 10726 | D:10     | Found a blossoming altar of Fedhas.
 11295 | D:11     | Found a staircase to the Orcish Mines.
 11445 | D:12     | Found Tamuopho's Magic Scroll Shoppe.
 11552 | D:12     | Reached ****** piety under Qazlal
 11733 | D:12     | Noticed a boulder beetle
 11754 | D:12     | Killed a boulder beetle
 11755 | D:12     | Reached skill level 10 in Polearms
 11818 | D:12     | Noticed a centaur warrior
 11856 | D:12     | Killed a centaur warrior
 11877 | D:12     | Noticed an ogre mage
 11883 | D:12     | Killed an ogre mage
 12104 | D:12     | Reached XP level 13. HP: 60/85 MP: 13/13
 12382 | D:12     | Bought a scroll of enchant weapon for 135 gold pieces
 12382 | D:12     | Bought a scroll of enchant armour for 135 gold pieces
 12681 | D:12     | Identified a scroll of acquirement
 12681 | D:12     | Acquired a +2 executioner's axe of freezing
 12988 | D:13     | Found the +9 sword of Zonguldrok {reap}
 13096 | D:13     | Noticed a vault guard
 13098 | D:13     | Killed a vault guard
 13227 | D:13     | Found a gate to the Vaults.
 13588 | D:13     | Gained mutation: Your large and strong wings let you fly.
                  | [Gargoyle growth]
 13588 | D:13     | Reached XP level 14. HP: 92/92 MP: 14/14
 13634 | Orc:1    | Entered Level 1 of the Orcish Mines
 13934 | Orc:1    | Found Uhenop's Antique Weapon Boutique.
 14264 | Orc:2    | Entered Level 2 of the Orcish Mines
 14488 | Orc:2    | Noticed Urug
 14492 | Orc:2    | Killed Urug
 14892 | Orc:2    | Found a staircase to the Elven Halls.
 14923 | Orc:2    | Noticed an orc warlord
 14959 | Orc:2    | Killed an orc warlord
 14962 | Orc:2    | Reached skill level 10 in Dodging
 15206 | Orc:2    | Found Inuupeaph's General Store.
 15209 | Orc:2    | Found Akahor's Distillery.
 15463 | Orc:2    | Paralysed by an orc sorcerer for 4 turns
 15493 | Orc:2    | Paralysed by an orc sorcerer for 2 turns
 16444 | Orc:2    | Paralysed by an orc sorcerer for 4 turns
 16470 | Orc:2    | Reached XP level 15. HP: 85/99 MP: 15/15
 16764 | Orc:2    | Found Owkenk's Jewellery Shoppe.
 16764 | Orc:2    | Found Eniaphuo's Antique Weapon Emporium.
 16764 | Orc:2    | Found a one-way gate leading to the halls of Pandemonium.
 16938 | Lair:1   | Entered Level 1 of the Lair of Beasts
 17140 | Lair:1   | Reached skill level 10 in Axes
 18083 | Lair:2   | Found a hole to the Spider Nest.
 18137 | Lair:2   | Found a dark tunnel.
 18144 | Volcano  | Entered a volcano
 18581 | Lair:2   | Identified the +5 scale mail of the Unicorn {Int+3 Dex+2}
 19057 | Lair:3   | Found a staircase to the Swamp.
 19579 | Lair:3   | Found a runed translucent door.
 19580 | Lair:3   | Noticed ongoing's ghost (journeyman GnCj)
 20608 | Lair:4   | Found a viscous altar of Jiyva.
 20608 | Lair:4   | Found a staircase to the Slime Pits.
 20725 | Lair:5   | Entered Level 5 of the Lair of Beasts
 20735 | Lair:5   | Reached XP level 16. HP: 101/107 MP: 16/16
 20999 | Lair:5   | Found a runed translucent door.
 21637 | Lair:3   | Killed ongoing's ghost
 21833 | D:14     | Reached skill level 15 in Fighting
 21903 | D:14     | Noticed Roxanne
 22017 | D:14     | Killed Roxanne
 22288 | D:14     | Found Hiholet's Book Emporium.
 22529 | D:15     | Entered Level 15 of the Dungeon
 22770 | D:15     | Found Botukhli's Antique Weapon Boutique.
 22915 | D:15     | Reached XP level 17. HP: 91/113 MP: 17/17
 23040 | D:15     | Reached skill level 15 in Armour
 23375 | D:15     | Found a staircase to the Depths.
 23646 | Swamp:1  | Entered Level 1 of the Swamp
 24100 | Swamp:1  | Identified the +11 chain mail "Soegef" {rElec SInv}
 25576 | Swamp:4  | Entered Level 4 of the Swamp
 27004 | Swamp:3  | Reached XP level 18. HP: 101/121 MP: 18/18
 27308 | Swamp:4  | Reached skill level 15 in Axes
 27484 | Swamp:4  | Got a decaying rune of Zot
 28125 | Elf:1    | Entered Level 1 of the Elven Halls
 28746 | Elf:1    | Got a yellowed book
 29332 | Elf:2    | Identified the +7 long sword "Otydgh" {heavy, Dex+2}
 29452 | Elf:2    | Found a crumbling gateway.
 29458 | Desolati | Entered the Desolation of Salt
 29548 | Desolati | Reached XP level 19. HP: 91/128 MP: 19/19
 29939 | Desolati | Found the +18 shield of the Gong {Loud rN+ Will+ rCorr
                  | EV-5}
 29965 | Desolati | Got a gaudy book
 30001 | Desolati | Identified the ring "Daleaf" {Fly rElec rPois}
 30245 | Desolati | Identified the +4 scale mail "Oshoonyu" {Drain rPois rN+++
                  | Stlth+}
 30252 | Desolati | Identified the ring of Dyah {rC- MP+9 Dex+6}
 30259 | Desolati | Identified the +0 scale mail "Etyga" {Harm +Blink rPois}
 30422 | Desolati | Got a strange book
 30424 | Desolati | Got a droning book
 30437 | Desolati | Identified the ring of Springtime {rElec rF- Will+ MP+9
                  | Str+2}
 30812 | Elf:2    | Identified the -1 pair of gloves "Uxiud" {Fly Int+4}
 30994 | Elf:2    | Found a huge runed translucent gate.
 30994 | Elf:2    | Found a huge runed translucent gate.
 30994 | Elf:2    | Found a huge runed translucent gate.
 30995 | Elf:2    | Found a huge runed translucent gate.
 30997 | Elf:2    | Found a huge runed translucent gate.
 31059 | Elf:2    | Found Urhoutoc's Book Boutique.
 31917 | Elf:3    | Entered Level 3 of the Elven Halls
 32247 | Elf:3    | Found a runed translucent gate.
 32247 | Elf:3    | Found a runed translucent gate.
 32247 | Elf:3    | Found a runed translucent gate.
 32248 | Elf:3    | Noticed Paaligas's ghost (journeyman GrCA)
 32249 | Elf:3    | Noticed Paaligas's ghost (journeyman GrCA)
 32250 | Elf:3    | Noticed Onkax's ghost (adept SpHu)
 32304 | Elf:3    | Paralysed by an air elemental for 1 turns
 32317 | Elf:3    | Noticed an Ice Fiend
 32368 | Elf:3    | Reached XP level 20. HP: 46/136 MP: 20/20
 32768 | Elf:3    | Identified the ring of Bimiug {rF+ EV+5 Dex+2}
 32786 | Elf:3    | Identified the amulet of Sirchuik {Spirit Int+5}
 32804 | Elf:3    | Found the ring of the Mage {Wiz Archmagi}
 32823 | Elf:3    | Identified the staff "Impbane" {rPois rF+ Poison}
 32838 | Elf:3    | Identified the +0 plate armour of Lesser Demons {MP+9
                  | Slay+5}
 32839 | Elf:3    | Identified the +5 dagger of Cheibriados's Wrath {antimagic,
                  | Int+2}
 32942 | Elf:3    | Got an illuminated book
 33094 | Elf:3    | Got a blackened book
 33587 | Spider:1 | Entered Level 1 of the Spider Nest
 34344 | Spider:1 | Identified the +1 hand axe of the Evil Eye {drain, *Noise
                  | rPois rC+ Int+5}
 34880 | Spider:2 | Noticed Nikola
 34905 | Spider:2 | Killed Nikola
 35143 | Spider:2 | Identified the +0 chain mail of the Dragon {-Tele rElec
                  | rPois}
 36701 | Spider:4 | Entered Level 4 of the Spider Nest
 37214 | Spider:4 | Noticed Arachne
 37225 | Spider:4 | Killed Arachne
 37684 | Spider:4 | Reached XP level 21. HP: 143/143 MP: 21/21
 38278 | Spider:4 | Got a gossamer rune of Zot
 38554 | Vaults:1 | Entered Level 1 of the Vaults
 38692 | Vaults:1 | Reached skill level 15 in Dodging
 40031 | Vaults:2 | Found a magical portal.
 40043 | WizLab   | Entered Zonguldrok's Shrine
 40344 | WizLab   | Noticed an antique lich
 40347 | WizLab   | Killed an antique lich
 40387 | WizLab   | Identified the +0 double sword of Purpose {pain, Fragile
                  | rF+ Dex+3}
 40656 | Vaults:2 | Noticed Saint Roka
 40664 | Vaults:2 | Reached XP level 22. HP: 93/151 MP: 22/22
 41652 | Vaults:2 | Killed Saint Roka
 41862 | Vaults:2 | Found Hijeir's Jewellery Shop.
 42814 | Vaults:3 | You are sucked into a shaft and drop 1 floor!
 42923 | Vaults:4 | Reached XP level 23. HP: 134/158 MP: 23/23
 43532 | Vaults:4 | Found Rirymo Geme's Armour Shoppe.
 43551 | Vaults:4 | Bought the +2 helmet "Losmeet" {rF+} for 484 gold pieces
 44301 | Vaults:3 | Found a staircase to the Crypt.
 44519 | Vaults:3 | Found Firisy Mude's Antique Armour Shoppe.
 44609 | Vaults:5 | Entered Level 5 of the Vaults
 44609 | Vaults:5 | Noticed Frederick
 45478 | Vaults:5 | Noticed an ancient lich
 45589 | Vaults:5 | Noticed an ancient lich
 45593 | Vaults:5 | Noticed Mennas
 45594 | Vaults:5 | Killed an ancient lich
 45972 | Vaults:4 | Killed Mennas
 46200 | Vaults:5 | Noticed a dread lich
 46206 | Vaults:4 | Killed an ancient lich
 46549 | Vaults:4 | Killed Frederick
 46724 | Vaults:4 | Killed a dread lich
 46725 | Vaults:4 | Reached XP level 24. HP: 166/166 MP: 23/23
 46919 | Abyss:2  | Cast into level 2 of the Abyss (a deep elf sorcerer)
 47118 | Vaults:5 | Escaped the Abyss
 48126 | Vaults:5 | Paralysed by an ogre mage for 5 turns
 48670 | Vaults:5 | Identified the staff of the Pill Bug {rPois Will- Str+8
                  | Int-3 SInv Poison}
 48671 | Vaults:5 | Identified the ring "Trusted Companion" {rElec MP+9}
 48751 | Vaults:5 | Identified the +1 robe "Wadicem" {rF+ Dex+3}
 48990 | Vaults:5 | Got a silver rune of Zot
 49570 | Crypt:1  | Entered Level 1 of the Crypt
 49778 | Crypt:1  | Noticed Donald
 49788 | Crypt:1  | Killed Donald
 49865 | Crypt:1  | Paralysed by a vampire knight for 5 turns
 50123 | Crypt:1  | Found a runed translucent door.
 50136 | Crypt:1  | Noticed Besor's ghost (veteran MiBe)
 51584 | Crypt:2  | Acquired a manual of Ranged Weapons
 51590 | Crypt:3  | Entered Level 3 of the Crypt
 51650 | Crypt:3  | Reached XP level 25. HP: 168/173 MP: 23/23
 51700 | Crypt:3  | Found an ancient bone altar of Kikubaaqudgha.
 51734 | Crypt:3  | Identified the ring of Saoffyakorph {Ice rCorr}
 51734 | Crypt:3  | Noticed Josephina
 51740 | Crypt:3  | Killed Josephina
 51886 | Crypt:3  | Noticed Jory
 51886 | Crypt:3  | Paralysed by a vampire knight for 3 turns
 51895 | Crypt:3  | Paralysed by a vampire knight for 2 turns
 51899 | Crypt:3  | Killed Jory
 52170 | Crypt:3  | Found a staircase to the Tomb.
 52207 | Crypt:3  | Identified the +4 spear of Emuynur {antimagic, Fly}
 52267 | Crypt:3  | Found the +5 Storm Queen's Shield {shock, Fly rElec}
 52397 | Crypt:3  | Identified the +7 falchion of Veumued {freeze, +Blink rPois
                  | Stlth+}
 53636 | D:4      | Bought the ring "Vatwu" {*Corrode rC+ rN+++ Str-3 SInv} for
                  | 498 gold pieces
 53940 | Vaults:2 | Bought the ring "Beschu" {Wiz rElec rCorr Dex+3} for 894
                  | gold pieces
 54254 | Slime:1  | Entered Level 1 of the Pits of Slime
 54305 | Slime:1  | Gained mutation: [Your spells are a little easier to cast,
                  | but a little less powerful.] [a shining eye]
 54975 | Slime:1  | Gained mutation: [You are clumsy. (Dex -2)] [a shining eye]
 55411 | Slime:2  | Found a viscous altar of Jiyva.
 55982 | Slime:3  | Gained mutation: You occasionally lose the ability to read
                  | scrolls when taking damage. [a shining eye]
 55983 | Slime:3  | Gained mutation: Your body sometimes deteriorates upon
                  | taking damage. [a shining eye]
 55986 | Slime:3  | Gained mutation: Your body often deteriorates upon taking
                  | damage. [a shining eye]
 56877 | Slime:5  | Entered Level 5 of the Pits of Slime
 56895 | Slime:5  | Gained mutation: You are dopey. (Int -2) [a shining eye]
 57141 | Slime:5  | Noticed the Royal Jelly
 57151 | Slime:5  | Killed the Royal Jelly
 57152 | Slime:5  | Reached XP level 26. HP: 123/183 MP: 23/23
 57384 | Slime:5  | Got a blackened book
 57404 | Slime:5  | Identified the ring "Qoesech" {rF+ Int+2}
 57419 | Slime:5  | Identified the +2 short sword "Noiduett" {speed, Int+2
                  | Dex+2}
 57422 | Slime:5  | Identified the +11 scimitar of Fee Simple {freeze, Will+}
 57426 | Slime:5  | Got a slimy rune of Zot
 57427 | Slime:5  | Identified the +6 dagger "Dotish" {flame, Fly SInv}
 58329 | Tomb:1   | Entered Level 1 of the Tomb of the Ancients
 58649 | Tomb:1   | Noticed a royal mummy
 58665 | Tomb:1   | Killed a royal mummy
 58665 | Tomb:1   | Noticed a royal mummy
 58678 | Tomb:1   | Killed a royal mummy
 59159 | Tomb:1   | Noticed a royal mummy
 59170 | Tomb:1   | Killed a royal mummy
 60228 | Elf:3    | Killed Paaligas's ghost
 60228 | Elf:3    | Killed Onkax's ghost
 60236 | Elf:3    | Killed Paaligas's ghost
 60525 | Depths:1 | Entered Level 1 of the Depths
 60717 | Depths:1 | Found a one-way gate to the infinite horrors of the Abyss.
 60929 | Depths:1 | Found Teppad's Self-Improvement Boutique.
 61176 | Depths:1 | Found a gateway to Hell.
 61481 | Depths:2 | Found a broken altar of Ashenzari.
 62076 | Depths:2 | Noticed the Enchantress
 62088 | Depths:2 | Killed the Enchantress
 62514 | Depths:2 | Paralysed by a sphinx for 3 turns
 62625 | Depths:2 | Noticed a royal mummy
 63045 | Depths:3 | Reached XP level 27. HP: 192/192 MP: 23/23
 63254 | Depths:2 | Killed a royal mummy
 64046 | Depths:3 | Found a one-way gateway to a ziggurat.
 64266 | Depths:3 | Found a hide-covered altar of Uskayaw.
 64346 | Depths:4 | Entered Level 4 of the Depths
 65533 | Depths:4 | Found a gate to the Realm of Zot.
 66484 | Depths:1 | Voluntarily entered the Abyss.
 67186 | Abyss:2  | Gained mutation: Potions are less effective at restoring
                  | your health. [a neqoxec]
 67271 | Depths:1 | Escaped the Abyss
 67273 | Depths:1 | Voluntarily entered the Abyss.
 67273 | Abyss:2  | Found a corrupted altar of Lugonu.
 67373 | Abyss:2  | Reached skill level 1 in Spellcasting
 67389 | Abyss:2  | Noticed a dread lich
 67395 | Abyss:2  | Killed a dread lich
 67463 | Abyss:2  | Gained mutation: You occasionally shout uncontrollably at
                  | your foes. [a neqoxec]
 67502 | Abyss:2  | Found a corrupted altar of Lugonu.
 67519 | Abyss:2  | Found a corrupted altar of Lugonu.
 67873 | Abyss:2  | Gained mutation: [You are frail. (-10% HP)] [a neqoxec]
 68107 | Abyss:2  | Reached skill level 5 in Spellcasting
 68156 | Abyss:2  | Found a corrupted altar of Lugonu.
 68250 | Abyss:2  | Found a corrupted altar of Lugonu.
 68311 | Abyss:2  | Gained mutation: [You are weak. (Str -2)] [a neqoxec]
 68451 | Abyss:4  | Found a corrupted altar of Lugonu.
 68495 | Abyss:4  | Found a shimmering altar of Xom.
 68496 | Abyss:4  | Found a corrupted altar of Lugonu.
 68498 | Abyss:4  | Found a corrupted altar of Lugonu.
 68526 | Abyss:4  | Learned a level 1 spell: Summon Small Mammal
 68547 | Abyss:4  | Found a corrupted altar of Lugonu.
 68583 | Abyss:4  | Found a shimmering altar of Xom.
 68626 | Abyss:5  | Reached skill level 1 in Summonings
 68652 | Abyss:5  | Paralysed by accursed screaming for 2 turns
 68663 | Abyss:5  | Paralysed by accursed screaming for 2 turns
 68702 | Depths:1 | Escaped the Abyss
 68749 | Depths:1 | Voluntarily entered the Abyss.
 68759 | Abyss:6  | Gained mutation: You are very dopey. (Int -4) [a neqoxec]
 68816 | Abyss:6  | Paralysed by accursed screaming for 1 turns
 68816 | Abyss:6  | HP: 3/137 [smoke demon/divine providence (15)]
 68821 | Abyss:6  | HP: 5/137 [wretched star (11)]
 68826 | Abyss:6  | Killed from afar by a meliai

Illustrated notes

Levels and vault maps discovered:
D:1:      reono_arrival_forest_river, layout_basic, serial_forest,
          infiniplex_forest_lined_3, infiniplex_forest_split,
          infiniplex_forest_straight_2, infiniplex_forest_clump_diagonal,
          infiniplex_forest_lined_room_, infiniplex_forest_lined_3_way,
          infiniplex_forest_straight_2, serial_park_tiny_2,
          grunt_decor_junction, minmay_3d_cube
D:2:      layout_loops_ring, uniq_robin
D:3:      layout_loops_corners, gammafunk_temple_overflow_wave,
          ebering_ecumenical_altar_rust
D:4:      layout_loops_corners, serial_shops, kennysheep_mini
D:5:      minmay_spotlight, layout_loops_corners,
          mainiacjoe_overflow_concentric_impassable, lemuel_crystal_altar,
          lexackson_kobold_supper, uniq_pikel
D:6:      layout_rooms, minmay_temple_entry_drinking_statues, serial_shops,
          nicolae_diamond_shop, kennysheep_generic_room_3, uniq_jeremiah
D:7:      nzn_winding_woodlands_stair_cross [nzn_winding_woodlands_5x15_twine,
          nzn_winding_woodlands_center_diamonds,
          nzn_winding_woodlands_5x15_concentric,
          nzn_winding_woodlands_5x5_three, nzn_winding_woodlands_5x5_cross,
          nzn_winding_woodlands_5x15_sidewinder,
          nzn_winding_woodlands_center_pierced_h,
          nzn_winding_woodlands_5x15_pockets], layout_rooms,
          nicolae_overflow_hidden_temple
D:8:      layout_basic, mainiacjoe_overflow_catwalk, minmay_tree_intersection,
          chequers_arboretum, uniq_prince_ribbit1
D:9:      layout_basic, enter_bailey_1, uniq_erica
D:10:     layout_cave_pods, kennysheep_little_box, hellmonk_lair_entry_icy,
          serial_park, serial_park_square1 [serial_park_minivault_5x5_1],
          serial_park_square3 [serial_park_minivault_5x5_8],
          serial_park_tiny_pond
D:11:     layout_big_octagon, erik_orc_3, serial_rivers,
          chequers_serial_rivers_room_a, chequers_serial_rivers_micro_b,
          chequers_serial_rivers_micro_d, chequers_serial_rivers_micro_c,
          chequers_serial_rivers_room_a, minmay_door_square
D:12:     cheibrodos_helix_gallery, layout_loops_ring, serial_shops,
          nicolae_shop_tiny_glass, minmay_checkerbox
D:13:     layout_loops_ring, david_vaults_5, serial_bayou_lake_a
D:14:     layout_basic, hangedman_glass_teeth, serial_shops,
          nicolae_book_shop_shelving, uniq_roxanne
D:15:     grunt_enter_depths_snipers, layout_loops_ring, serial_shops, shop
Lair:1:   layout_loops_ring, serial_bayou_pond_c,
          chequers_serial_rivers_micro_b, grunt_megastairs_3
Lair:2:   layout_loops_ring, hellmonk_spider_entry_life_and_decay,
          enter_volcano_2, grunt_megastairs_2
Lair:3:   minmay_lair_oklob_chamber, layout_chaotic_city, swamp_mist_pool,
          ebering_ghost_inner_flame, roderic_carrion_pond, lemuel_fruit_fields,
          infiniplex_staircase_pool_2
Lair:4:   layout_regular_city, dpeg_slime_entry_enclosed
Lair:5:   wormcave, layout_cave_shapes, grunt_megastairs_4
Swamp:1:  layout_basic_swamp, serial_swamp_ruin, evilmike_swamp_ruin_house_5,
          evilmike_swamp_ruin_house_6, infiniplex_staircase_pool
Swamp:2:  layout_basic_swamp, nicolae_swamp_well_well_well
Swamp:3:  layout_falls_marsh, nicolae_swamp_some_circles, swamp_pool5
Swamp:4:  swamp, layout_basic_swamp, swamp_pool3, grunt_hermit_hut
Spider:1: layout_spider_delve
Spider:2: nicolae_spider_hilbert_zone_5 [nicolae_spider_hilbert_3_sides_1_open,
          nicolae_spider_hilbert_4_sides_1_open,
          nicolae_spider_hilbert_4_sides_1_open,
          nicolae_spider_hilbert_6_sides_1_open,
          nicolae_spider_hilbert_6_sides_1_open], nicolae_spider_webbed_stairs,
          uniq_nikola
Spider:3: layout_spider_delve
Spider:4: spider_rune_water, uniq_arachne
Slime:1:  layout_caves, cheibrodos_slime_lost_civilization_5
Slime:2:  layout_caves, basic_altar
Slime:3:  layout_caves, cheibrodos_slime_lost_civilization_4
Slime:4:  layout_caves
Slime:5:  slime_pit_nicolae_royal_road_to_ruin
Orc:1:    layout_diamond_mine, serial_shops, nicolae_shop_pleasant_corner_grove
Orc:2:    pf_orc_diabolical, layout_diamond_mine, uniq_urug
Elf:1:    minmay_elf_arrival_summoners, layout_loops_ring,
          minmay_elf_demonology, nicolae_elf_glass_and_crystal_pillar_1
Elf:2:    elven_hall_of_blades_hangedman_alternative [nicolae_blade_lattice],
          layout_loops_ring, portal_desolation_entry_nicolae_forbidding_blocks,
          serial_shops, nicolae_shop_rolling_square
Elf:3:    minmay_elf_hall_circle, layout_onion_city, gammafunk_ghost_cemetery
Vaults:1: ontoclasm_vaults_ring_large, v_rooms_4, nicolae_vaults_house_2,
          v_rooms_6, v_misc_4, nicolae_vaults_three_branches,
          dpeg_vaults_monster_box, ontoclasm_vaults_fault,
          layout_vaults_omnigrid
Vaults:2: mu_enter_wizlab_2, nicolae_vaults_closet_pinwheel_3,
          vaults_room_boxed, nicolae_vaults_surprise_closet,
          nicolae_vaults_trapezoid_4, vaults_room_fours,
          ontoclasm_vaults_ring_large, nicolae_vaults_trapezoid_lopsided_2,
          nicolae_vaults_closet_pinwheel_1, nicolae_vaults_heart-shaped_vault,
          st_lattice, nicolae_vaults_trapezoid_lopsided_3,
          grunt_vaults_hallway_short, layout_vaults_maze, serial_shops,
          nicolae_shop_hallway_plus, uniq_saint_roka
Vaults:3: nicolae_vaults_trapezoid_layered, minmay_crypt_entry_simple_round,
          nicolae_vaults_storage_room_water, grunt_vaults_focal,
          hangedman_vaults_stream, v_rooms_3, nicolae_vaults_circle_grid_b,
          nicolae_vaults_apartment_2, nicolae_vaults_ring_of_whatevers,
          v_misc_27, v_misc_17, ontoclasm_vaults_decontamination,
          grunt_vaults_hallway_short, layout_vaults_ring, serial_shops, shop
Vaults:4: nicolae_vaults_apartment_2, hangedman_vaults_impose,
          nicolae_vaults_storage_closets_1, vaults_mumra_hex,
          nicolae_vaults_trapezoid_4, nicolae_vaults_tetromino_L_1,
          nicolae_vaults_holding_cells, nicolae_vaults_little_squares_1,
          nicolae_vaults_steering_wheel, nicolae_vaults_stepped_doors,
          nicolae_vaults_more_shelving_1, vaults_dpeg_encased_lava,
          nicolae_vaults_taking_the_gang_shopping, layout_vaults_big_room
Vaults:5: serial_shops, uniq_mennas, uniq_frederick
Crypt:1:  layout_chaotic_city, hellmonk_ghost_happy_afterlife, minivault_25,
          uniq_donald
Crypt:2:  layout_chaotic_city, grunt_ministairs_6
Crypt:3:  grunt_crypt_end_deaths_head, uniq_josephina
Tomb:1
Depths:1: layout_long_grid, abyss_entry, glass_columns_b,
          pf_vacation_house_of_asmodeus, nicolae_shop_self_help
Depths:2: ragdoll_tomb_raider, layout_cave_shapes, lightli_too_deep,
          rand_demon_pan_entry_9, serial_bayou_lagoon_a, abyss_entry,
          nicolae_ashenzari_panopticon, serial_bayou_shore_b, uniq_enchantress
Depths:3: minmay_outward_triangles, layout_cave_pools, enter_ziggurat_e,
          hellmouth_1, abyss_entry, nicolae_uskayaw_murder_on_the_dancefloor,
          grunt_megastairs_5
Depths:4: evilmike_zot_entry_gauntlet, layout_long_grid,
          chequers_serial_rivers_micro_b, pf_hell_entry_tar_river, abyss_entry,
          serial_bayou_shore_a
Abyss:6:  base: Lair:3, evilmike_abyss_exit_14, doesnt_abyss_rune_brain_food,
          hangedman_abyss_theft, evilmike_abyss_rune_elephants_shrine, base:
          Elf:3, base: D:10, evilmike_abyss_exit_kraken,
          hangedman_elemental_corridor, grunt_abyss_rune_wretched_hive,
          guppyfry_abyss_exit_imp_island

Skill      XL: |  1  2  3  4  5  6  7  8  9 10 11 12 13 14 15 16 17 18 19 20 21 22 23 24 25 26 27 |
---------------+----------------------------------------------------------------------------------+-----
Axes           | 3 4 5 7 9 11 13 14 16 17 18 19 20 22 23 24 | 24.5
Armour         | 1 2 3 4 5 7 8 9 11 12 13 14 15 16 17 18 19 20 21 23 24 26 | 26.0
Fighting       | 4 6 8 9 10 11 12 13 14 15 16 17 18 19 20 21 22 23 24 26 | 26.3
Dodging        | 3 4 6 7 8 9 10 11 12 13 14 15 16 17 18 19 20 | 20.9
Polearms       | 2 3 5 6 8 10 | 10.7
Spellcasting   | 7 |  7.1
Summonings     | 2 |  2.1

Action                     |  1- 3 |  4- 6 |  7- 9 | 10-12 | 13-15 | 16-18 | 19-21 | 22-24 | 25-27 || total
---------------------------+-------+-------+-------+-------+-------+-------+-------+-------+-------++-------
  Melee: Hand axe          |    96 |    74 |     7 |       |       |       |       |       |       ||   177
         Spear             |       |       |   221 |   843 |    35 |       |       |       |       ||  1099
         Executioner's axe |       |       |       |       |   401 |   657 |   798 |   821 |  1690 ||  4367
    Use: Scroll            |       |     5 |     7 |     7 |    12 |     6 |     2 |     3 |     7 ||    49
         Potion            |       |       |       |       |     1 |     2 |     4 |     2 |     6 ||    15
   Stab: Distracted        |       |       |       |       |     2 |     5 |    12 |    17 |    28 ||    64
         Paralysed         |       |       |       |       |       |       |       |       |     1 ||     1
 Armour: Robe              |    44 |       |       |       |       |       |       |       |       ||    44
         Leather armour    |    17 |    44 |     2 |       |       |       |       |       |       ||    63
         Plate armour      |       |       |   100 |    72 |       |       |       |       |       ||   172
         Ice dragon scales |       |       |       |    54 |       |       |       |       |       ||    54
         Chain mail        |       |       |       |   146 |   259 |   536 |   352 |   436 |   630 ||  2359
  Dodge: Dodged            |    43 |    32 |    57 |   230 |   225 |   506 |   350 |   513 |   896 ||  2852
         Repelled          |       |       |       |     2 |     9 |    20 |    13 |    11 |    39 ||    94
  Block: Orb               |       |     3 |    28 |   119 |     7 |       |       |       |       ||   157
         Other             |       |       |       |       |   248 |   446 |   375 |   403 |   566 ||  2038
         Reflection        |       |       |       |       |    15 |    24 |    21 |    55 |     7 ||   122

Table legend: (Time is in decaauts)
 A = Elapsed time spent in this place.
 B = Non-inter-level travel time spent in this place.
 C = Inter-level travel time spent in this place.
 D = Time resting spent in this place.
 E = Time spent auto-exploring this place.
 F = Levels seen in this place.
 G = Mean time per level.
                   A        B        C        D        E       F      G
               +--------+--------+--------+--------+--------+-----+--------+
         Total |  68401 |  62378 |   6023 |  11072 |  38873 |  63 | 1085.7 |
       Dungeon |  16378 |  14337 |   2041 |   1022 |  10740 |  15 | 1091.9 |
          Lair |   4808 |   4097 |    711 |    174 |   3342 |   5 |  961.6 |
         Swamp |   4310 |   4162 |    148 |   1190 |   2341 |   4 | 1077.5 |
   Spider Nest |   4808 |   4520 |    288 |   1112 |   2593 |   4 | 1202.0 |
    Slime Pits |   3589 |   3435 |    154 |    733 |   2245 |   5 |  717.8 |
  Orcish Mines |   3681 |   3111 |    570 |    831 |   1407 |   2 | 1840.5 |
   Elven Halls |   4200 |   3876 |    324 |    460 |   2539 |   3 | 1400.0 |
        Vaults |  10840 |  10015 |    825 |   3791 |   4839 |   5 | 2168.0 |
         Crypt |   3872 |   3575 |    297 |    366 |   2531 |   3 | 1290.7 |
          Tomb |   1538 |   1379 |    159 |    224 |    814 |   1 | 1538.0 |
        Depths |   5826 |   5323 |    503 |   1042 |   3274 |   4 | 1456.5 |
         Abyss |   2283 |   2283 |      0 |     19 |    916 |   8 |  285.4 |
        Bailey |    370 |    370 |      0 |      3 |    193 |   1 |  370.0 |
       Volcano |    319 |    319 |      0 |      0 |    181 |   1 |  319.0 |
        Wizlab |    397 |    397 |      0 |      0 |    225 |   1 |  397.0 |
    Desolation |   1174 |   1174 |      0 |    103 |    692 |   1 | 1174.0 |
               +--------+--------+--------+--------+--------+-----+--------+

Top non-repeatable levels by time:
Vaults:4: 5066 daAuts
   Orc:2: 2549 daAuts
 Swamp:3: 2002 daAuts
 Abyss:2: 1978 daAuts
Vaults:2: 1676 daAuts
Vaults:1: 1635 daAuts
Spider:4: 1631 daAuts
Depths:2: 1628 daAuts
 Crypt:3: 1609 daAuts
   Elf:2: 1583 daAuts
Depths:3: 1569 daAuts
   Elf:3: 1554 daAuts
  Tomb:1: 1538 daAuts
Vaults:3: 1471 daAuts
Depths:4: 1455 daAuts
